 Dungeon Crawl Stone Soup version 0.13.0-19-g8e0b589 (webtiles) character file.

1311 Malachi the Poker (level 8, -8/60 HPs)
             Began as a Vampire Fighter on Oct 24, 2013.
             Killed by divine providence
             ... invoked by an orc priest
              (11 damage)
             ... on Level 7 of the Dungeon.
             The game lasted 00:08:29 (4428 turns).

Malachi the Poker (Vampire Fighter)                 Turns: 4428, Time: 00:08:29

HP  -8/60        AC 16     Str  8 (12) XL: 8   Next:  7%
MP   8/8         EV -2     Int 10      God:
Gold 245         SH 18     Dex 13      Spells:  0 memorised,  7 levels left

Res.Fire  : + . .   See Invis. : +   n - +1,+5 war axe "Dragonbane" {drain, +Blink rElec rF+}
Res.Cold  : . . .   Warding    : .   j - +1 plate armour
Life Prot.: + . .   Conserve   : .   c - +0 shield
Res.Poison: .       Res.Corr.  : .   i - +0 helmet
Res.Elec. : +       Clarity    : .   (no cloak)
Sust.Abil.: . .     Spirit.Shd : .   w - +0 pair of gauntlets
Res.Mut.  : .       Stasis     : .   d - +0 pair of boots
Res.Rott. : .       Flight     : .   (no amulet)
Saprovore : . . .                    (no ring)
                                     f - cursed -5 ring of strength

@: somewhat resistant to hostile enchantments, extremely unstealthy
A: bottle blood, fangs 3, see invisible, unbreathing
a: Bat Form, Bottle Blood, Evoke Blink


You were on level 7 of the Dungeon.
You were not thirsty.

You visited 1 branch of the dungeon, and saw 7 of its levels.

You collected 225 gold pieces.

Inventory:

Hand weapons
 a - a +1,+1 trident
 n - the +1,+5 war axe "Dragonbane" (weapon) {drain, +Blink rElec rF+}
   (You found it on level 7 of the Dungeon)

   A truly terrible weapon, it drains the life of those it strikes.
   It protects you from fire.
   It insulates you from electricity.
   It lets you blink.
 p - a +1,+1 spear of dragon slaying (quivered)
 r - a +2 blowgun
Missiles
 s - 6 poisoned needles
Armour
 b - a +0 scale mail
 c - a +0 shield (worn)
 d - a +0 pair of boots (worn)
 i - a +0 helmet (worn)
 j - a +1 plate armour (worn)
 w - a +0 pair of gauntlets (worn)
Jewellery
 f - a cursed -5 ring of strength (left hand)
 g - a +1 ring of intelligence {unknown}
Potions
 e - a potion of agility
 h - a potion of flight {unknown}
 k - a potion of might
 l - 3 potions of curing
 m - 2 potions of restore abilities
 o - a potion of degeneration
 v - a potion of invisibility {unknown}
 x - a potion of brilliance {unknown}


   Skills:
 + Level 3.9 Fighting
 * Level 1.1 Axes
 - Level 5.5 Polearms
 + Level 4.4 Armour
 - Level 0.9 Dodging
 + Level 5.1 Shields


You had 7 spell levels left.
You didn't know any spells.

Dungeon Overview and Level Annotations

Branches:
Dungeon (7/27)
 Temple: D:4-7          Orc: D:6-11

Altars:
Elyvilon
Xom

Shops:
D:7 [

Annotations:
D:6 MirrMurr's ghost, experienced SpEn


Innate Abilities, Weirdness & Mutations

You can bottle blood from corpses.
You have razor-sharp teeth.*
You have supernaturally acute eyesight.
You can survive without breathing.*


Message History

There are monsters nearby!
You block the bat's attack. The bat hits you but does no damage.
The orc hits you from afar with an orcish trident.
An orc comes into view. It is wielding an orcish flail.
You hit the bat.
You kill the bat!
You block the orc's attack. The orc hits you but does no damage.
The orc priest mumbles some strange prayers to Beogh against you.
Something smites you!
* * * LOW HITPOINT WARNING * * *
You are too injured to fight recklessly!
The orc priest invokes the aid of Beogh against you.
Something smites you!
* * * LOW HITPOINT WARNING * * *
The orc hits you from afar with an orcish trident.
* * * LOW HITPOINT WARNING * * *
The orc priest calls down the wrath of Beogh upon you.
Something smites you!
You die...

#.........
. #.##.#
..####.##
...#
#....# #.#
# #..#
#.#### #.#
#..# #.#
#.# #..#
#.# #..
#..# #.#
### #..#
#.#
#..###.#
#..@.#.#
##.#)#.#
#.#.#.####
#o#......#
#o###.##.#
#.# #.##.#
#.# #.##.#
.o# #.##.#
..# .....#


You could see an orc priest and 2 orcs.

Vanquished Creatures
  A sky beast (D:7)
  2 phantoms
  A crocodile (D:7)
  6 killer bees (D:7)
  A giant frog zombie (D:7)
  A crimson imp (D:5)
  2 hounds (D:5)
  A giant frog skeleton (D:5)
  4 worker ants
  A hound skeleton (D:7)
  A jelly (D:7)
  5 adders
  2 worms
  4 giant geckos
  An ooze (D:4)
  4 orcs
  2 ball pythons
  7 giant cockroaches
  10 goblins
  11 hobgoblins
  10 jackals
  13 bats
  A giant gecko zombie (D:5)
  7 giant newts
  A goblin skeleton (D:4)
  15 kobolds
  11 rats
125 creatures vanquished.

Notes
Turn   | Place    | Note
--------------------------------------------------------------
     0 | D:1      | Malachi, the Vampire Fighter, began the quest for the Orb.
     0 | D:1      | Reached XP level 1. HP: 18/18 MP: 1/1
   162 | D:1      | Reached XP level 2. HP: 22/24 MP: 2/2
   558 | D:1      | Reached skill level 3 in Shields
   837 | D:2      | Reached XP level 3. HP: 25/30 MP: 3/3
  1431 | D:3      | Reached XP level 4. HP: 36/36 MP: 4/4
  2147 | D:4      | Reached XP level 5. HP: 20/41 MP: 5/5
  2428 | D:4      | Noticed a phantom
  2461 | D:4      | Killed a phantom
  2750 | D:4      | Reached XP level 6. HP: 48/48 MP: 6/6
  2834 | D:4      | Reached skill level 4 in Shields
  2875 | D:4      | Found a white marble altar of Elyvilon.
  3178 | D:5      | Entered Level 5 of the Dungeon
  3456 | D:5      | Found a shimmering altar of Xom.
  3738 | D:5      | Reached XP level 7. HP: 33/54 MP: 7/7
  3976 | D:6      | Noticed MirrMurr's ghost (experienced SpEn)
  4002 | D:7      | Found Heckoq Lauru's Armour Shoppe.
  4187 | D:7      | Reached skill level 5 in Polearms
  4210 | D:7      | Reached skill level 5 in Shields
  4307 | D:7      | Got a bloodstained war axe
  4327 | D:7      | Identified the war axe "Dragonbane" {drain, +Blink rElec rF+} (You found it on level 7 of the Dungeon)
  4407 | D:7      | Reached skill level 1 in Axes
  4407 | D:7      | Reached XP level 8. HP: 47/60 MP: 8/8
  4427 | D:7      | HP: 3/60 [orc/orcish trident (2)]
  4428 | D:7      | Killed from afar by an orc priest

Action                   |  1- 3 |  4- 6 |  7- 9 || total
-------------------------+-------+-------+-------++-------
Melee: Trident           |   163 |   353 |    92 ||   608
       Spear             |       |    22 |       ||    22
       War axe           |       |       |    17 ||    17
  Use: Scroll            |       |    15 |     3 ||    18
       Potion            |       |     1 |     7 ||     8
